 Dungeon Crawl Stone Soup version 0.28-a0-704-g4d584c6bc1 (webtiles) character file.

Game seed: 4720929288362944766

5394 Colgate the Slinger (level 10, -5/136 HPs)
             Began as a Deep Dwarf Berserker on Oct 24, 2021.
             Was an Elder of Trog.
             Slain by an orc warrior (6 damage)
             ... in a bailey.
             The game lasted 00:57:23 (7734 turns).

Colgate the Slinger (Deep Dwarf Berserker)          Turns: 7734, Time: 00:57:24

Health: -5/136     AC: 19    Str: 24    XL:     10   Next: 40%
Magic:  7/7        EV:  9    Int:  8    God:    Trog [****..]
Gold:   172        SH:  0    Dex: 12    Spells: 9/9 levels left

rFire   + + .      SeeInvis .   a - +0 executioner's axe (freeze)
rCold   + . .      Faith    .   (shield currently unavailable)
rNeg    . . .      Spirit   .   z - +0 plate armour {rF+}
rPois   .          Reflect  .   C - +0 helmet
rElec   .          Harm     .   (no cloak)
rCorr   .          Rampage  .   u - +0 pair of gloves
Will    +....                   i - +3 pair of boots of Honour {rF+ rC+}
Stlth   ..........              (no amulet)
HPRegen 0.00/turn               (no ring)
MPRegen 0.10/turn               (no ring)

@: berserking, very quick
A: damage resistance, heal wounds, sense surroundings 2, no regeneration
a: Heal Wounds, Renounce Religion, Berserk, Trog's Hand, Brothers in Arms


You were in a bailey.
You worshipped Trog.
Trog was greatly pleased with you.
You visited 1 branch of the dungeon, and saw 7 of its levels.
You also visited: Bailey.

You collected 252 gold pieces.
You spent 80 gold pieces at shops.

Inventory:

Hand Weapons
 a - a +0 executioner's axe of freezing (weapon)
 b - a +0 hunting sling of electrocution
Missiles
 g - 8 boomerangs
 h - 325 stones
 k - 95 arrows
 s - 17 sling bullets
 x - 15 poisoned darts
Armour
 i - the +3 pair of boots of Honour (worn) {rF+ rC+}
   (You acquired it in a bailey)

   rF:        It protects you from fire.
   rC:        It protects you from cold.
 j - a +0 kite shield
 u - a +0 pair of gloves (worn)
 z - a +0 plate armour of fire resistance (worn)
 C - a +0 helmet (worn)
Jewellery
 D - a ring of fire
Wands
 o - a wand of paralysis (3)
 t - a wand of acid (7)
 v - a wand of flame (27)
Scrolls
 e - 5 scrolls of teleportation
 m - a scroll of magic mapping
 p - 3 scrolls of noise
 q - a scroll of fog
 r - a scroll of amnesia {unknown}
 w - a scroll of enchant weapon {unknown}
 y - a scroll of brand weapon
 A - a scroll of summoning {unknown}
Potions
 c - a potion of ambrosia
 d - a potion of attraction
 f - 6 potions of curing
 l - a potion of haste
 n - 2 potions of magic


   Skills:
 - Level 6.0 Fighting
 + Level 6.9 Axes
 - Level 12.2 Slings
 - Level 6.5 Armour
 - Level 6.5 Dodging
 - Level 1.0 Stealth
 - Level 6.0 Shields
 - Level 1.1 Evocations


You had 9 spell levels left.
You didn't know any spells.
Your spell library was empty.

Dungeon Overview and Level Annotations

Branches:
Dungeon (7/15)             Temple (0/1) D:6          Bailey (1/1)

Altars:
Ashenzari
Cheibriados
Dithmenos
Elyvilon
Kikubaaqudgha
Okawaru
Ru
Uskayaw
Xom

Shops:
D:2 ?

Annotations:
D:3 kallion takana expaa


Innate Abilities, Weirdness & Mutations

You are resistant to damage.
You can heal yourself by infusing magical energy.
You passively map the area around you.
You do not regenerate.


Message History

The orc knight roars a battlecry!
The orc warriors go into a battle-frenzy!
There is an open gate here.
Aiming: Corrosive Bolt
Press: ? - help, Shift-Dir - straight line, f - orc knight
Aim: an orc knight, wielding a +0 trident and wearing a +0 scale mail (lightly wounded, covered in acid, 64% to hit)
The bolt of acid hits the orc warrior.
The acid corrodes the orc warrior!
The orc warrior is lightly wounded.
The bolt of acid hits the orc knight!
The orc knight seems to be corroded for longer.
The orc knight is moderately wounded.
The orc warrior hits you from afar with a +0 halberd!
You are too injured to fight recklessly!
A red film seems to cover your vision as you go berserk!
You feel yourself moving faster!
You feel mighty! The orc warrior barely misses you.
You feel a strong urge to attack something.
The orc warrior hits you with a +0 glaive!!
* * * LOW HITPOINT WARNING * * *
The orc knight hits you with a +0 trident!
* * * LOW HITPOINT WARNING * * *
The orc warrior misses you.
There is an open door, spattered with blood here.
You closely miss the orc knight.
The orc knight is moderately wounded.
You closely miss the orc warrior. You hit the orc warrior.
You freeze the orc warrior. You barely miss the orc warrior.
The orc warrior hits you with a +0 halberd!
* * * LOW HITPOINT WARNING * * *
The orc warrior hits you with a +0 glaive!
* * * LOW HITPOINT WARNING * * *
The orc warrior hits you with a +0 trident.
* * * LOW HITPOINT WARNING * * *
The orc knight barely misses you.
You slice the orc knight!! You freeze the orc knight.
The orc knight is severely wounded.
You slash the orc warrior! You freeze the orc warrior.
You closely miss the orc warrior. x2
The orc warrior hits you with a +0 halberd!
You die...

≈ , ........≈##.##≈.. ,,
........≈..^.)≈.. ** ∩ ≈,
,, .......≈#∩.##≈.. , ≈ *
#######....≈.#.#≈≈.. ≈ ,
##....##.....≈≈≈≈≈... , ,
##.....##.............
##..#'''##............. ,
, #..##o.∩##..##.........
, #.####@####.##.........
, ,,,
,*#.')#ooo#)'.##.........
, , ,
#.###._.###.##......... ,
, #.')#|.)#)'.##.........
,,
#.#########.##......... ,
, #..##)#)##..#..........
,
,,##..#'#'#..##..........
, ,
,##.......##........... ≈
, #########....≈≈≈≈≈...


You could see an orc knight (corroded) and 3 orc warriors.

Vanquished Creatures
  Maggie (D:6)
  The ghost of Mandevil the Grave Robber, an amateur KoNe (D:4)
  Sigmund (D:6)
  Menkaure (D:6)
  6 orc warriors (Bailey)
  2 black bears
  A hornet zombie (D:6)
  An ice beast (D:4)
  An ogre (D:6)
  3 necrophages
  A phantom (D:6)
  3 scorpions
  2 howler monkeys
  A bullfrog zombie (D:5)
  A bullfrog skeleton (D:6)
  2 hounds (D:6)
  A centaur skeleton (D:7)
  A jelly (D:4)
  An iron imp (D:4)
  2 iguanas (D:5)
  5 orc wizards
  A scorpion zombie (D:4)
  A hound zombie (D:5)
  2 scorpion simulacra (D:4)
  A hound skeleton (D:4)
  11 adders
  2 shadow imps
  A white imp (D:4)
  An ufetubus (D:4)
  An adder skeleton (D:4)
  4 dart slugs
  3 adder simulacra (D:4)
  31 orcs
  6 bats
  7 endoplasms
  A giant cockroach (D:4)
  10 goblins
  7 hobgoblins
  11 jackals
  8 quokkas
  7 ball pythons
  2 frilled lizards
  3 kobolds
  A quokka simulacrum (D:4)
  4 rats (D:1)
164 creatures vanquished.

Notes
Turn   | Place    | Note
-------+----------+-------------------------------------------
     0 | D:1      | Colgate the Deep Dwarf Berserker began the quest for the
                  | Orb.
     0 | D:1      | Reached XP level 1. HP: 20/20 MP: 1/1
   335 | D:1      | Reached XP level 2. HP: 27/27 MP: 2/2
  1084 | D:1      | Reached XP level 3. HP: 31/34 MP: 3/3
  1280 | D:1      | Reached ** piety under Trog
  1665 | D:2      | Found Beamea's Magic Scroll Shop.
  1673 | D:2      | Bought a scroll of identify for 20 gold pieces
  1761 | D:2      | Reached skill level 5 in Axes
  1836 | D:2      | Reached XP level 4. HP: 42/42 MP: 4/4
  1921 | D:2      | Bought a scroll of teleportation for 30 gold pieces
  2168 | D:2      | Found an ancient bone altar of Kikubaaqudgha.
  2462 | D:2      | Bought a scroll of noise for 10 gold pieces
  2462 | D:2      | Bought a scroll of fog for 20 gold pieces
  2590 | D:3      | Found a hide-covered altar of Uskayaw.
  2593 | D:3      | Noticed a +0 dagger
  2593 | D:3      | Noticed a +0 dagger
  3133 | D:4      | Found a snail-covered altar of Cheibriados.
  3137 | D:4      | Reached skill level 1 in Slings
  3137 | D:4      | Reached XP level 5. HP: 34/49 MP: 5/5
  3244 | D:4      | Reached skill level 2 in Slings
  3433 | D:4      | Found a shadowy altar of Dithmenos.
  3534 | D:4      | Reached skill level 3 in Slings
  3745 | D:4      | Noticed Mandevil's ghost (amateur KoNe)
  3749 | D:4      | Noticed an ice beast
  3829 | D:4      | Found a runed translucent gate.
  3829 | D:4      | Found a runed translucent gate.
  3829 | D:4      | Found a runed translucent gate.
  3853 | D:4      | Reached skill level 4 in Slings
  3853 | D:4      | Reached XP level 6. HP: 37/56 MP: 6/6
  4215 | D:5      | Entered Level 5 of the Dungeon
  4222 | D:5      | Reached *** piety under Trog
  4282 | D:5      | Reached skill level 5 in Slings
  4321 | D:5      | Found a broken altar of Ashenzari.
  4376 | D:5      | Reached skill level 6 in Slings
  4376 | D:5      | Reached XP level 7. HP: 37/62 MP: 7/7
  4558 | D:5      | Reached skill level 7 in Slings
  4809 | D:5      | Found a sacrificial altar of Ru.
  6201 | D:6      | Reached skill level 8 in Slings
  6256 | D:6      | Reached **** piety under Trog
  6257 | D:6      | Reached XP level 8. HP: 52/69 MP: 7/7
  6281 | D:6      | Reached skill level 9 in Slings
  6282 | D:6      | Found a staircase to the Ecumenical Temple.
  6302 | D:5      | Found a white marble altar of Elyvilon.
  6302 | D:5      | Found an iron altar of Okawaru.
  6488 | D:6      | Noticed Menkaure
  6492 | D:6      | Killed Menkaure
  6493 | D:6      | Reached skill level 10 in Slings
  6595 | D:6      | Found a shimmering altar of Xom.
  6694 | D:6      | Noticed Sigmund
  6702 | D:6      | Killed Sigmund
  6703 | D:6      | Reached skill level 11 in Slings
  6723 | D:6      | Noticed Maggie
  6732 | D:6      | Killed Maggie
  6733 | D:6      | Gained mutation: You passively map the area around you.
                  | [Deep Dwarf growth]
  6733 | D:6      | Reached XP level 9. HP: 42/75 MP: 8/8
  7114 | D:4      | Killed Mandevil's ghost
  7115 | D:4      | Reached skill level 12 in Slings
  7218 | D:4      | Reached XP level 10. HP: 78/91 MP: 8/8
  7386 | D:7      | Reached skill level 1 in Stealth
  7433 | D:7      | Found a flagged portal.
  7443 | Bailey   | Entered a bailey
  7464 | Bailey   | Reached skill level 1 in Evocations
  7720 | Bailey   | Acquired the +3 pair of boots of Honour {rF+ rC+}
  7726 | Bailey   | Noticed an orc knight
  7733 | Bailey   | HP: 2/136 [orc warrior (10)]
  7734 | Bailey   | Slain by an orc warrior

Illustrated notes

Levels and vault maps discovered:
D:1:      onia_arrival_mini_spirals, layout_basic
D:2:      layout_basic, basic_altar, serial_shops, shop
D:3:      layout_rooms, dancing_weapons_uskayaw
D:4:      layout_basic, nicolae_dithmenos_shadow_blocks, slow_altar_1,
          gammafunk_ghost_icy, grunt_ministairs_2, kennysheep_donut,
          chequers_serial_rivers_small_a
D:5:      layout_layer_cave, nicolae_ashenzari_skybound,
          nicolae_overflow_hidden_temple
D:6:      layout_loops_ring, xom_teletrap_fun, minmay_temple_entry_waves,
          st_stairs_14, uniq_maggie, uniq_menkaure, uniq_sigmund
D:7:      kennysheep_kobold_camp, layout_basic, mainiacjoe_overflow_paths,
          fedhas_altar_fruit_tree, enter_bailey_3
Bailey:   bailey_polearm_2, bailey

Skill      XL: |  1  2  3  4  5  6  7  8  9 10 |
---------------+-------------------------------+-----
Axes           | 4 5 6 |  6.9
Fighting       | 3 6 |  6.0
Slings         | 1 4 6 8 11 12 | 12.2
Armour         | 6 |  6.5
Dodging        | 6 |  6.5
Shields        | 6 |  6.0
Stealth        | 1 |  1.0
Evocations     | 1 |  1.1

Action                   |  1- 3 |  4- 6 |  7- 9 | 10-12 || total
-------------------------+-------+-------+-------+-------++-------
Melee: Hand axe          |   115 |    55 |       |       ||   170
       Executioner's axe |       |    20 |   111 |    61 ||   192
 Fire: Hunting sling     |     5 |    77 |    88 |    51 ||   221
Invok: Berserk           |    17 |    10 |    10 |     4 ||    41
 Abil: Heal Wounds       |       |       |     4 |     5 ||     9
Evoke: Wand              |       |       |     8 |     2 ||    10
  Use: Scroll            |       |     6 |     4 |     2 ||    12
       Potion            |       |       |     1 |       ||     1
 Stab: Paralysed         |       |       |     4 |       ||     4
Armor: Ring mail         |    29 |    23 |     3 |       ||    55
       Plate armour      |       |       |    72 |    47 ||   119
Dodge: Dodged            |    58 |    42 |    54 |    39 ||   193

Table legend: (Time is in decaauts)
 A = Elapsed time spent in this place.
 B = Non-inter-level travel time spent in this place.
 C = Inter-level travel time spent in this place.
 D = Time resting spent in this place.
 E = Time spent auto-exploring this place.
 F = Levels seen in this place.
 G = Mean time per level.
                   A        B        C        D        E       F      G
               +--------+--------+--------+--------+--------+-----+--------+
         Total |   8176 |   7214 |    962 |   1477 |   4067 |   8 | 1022.0 |
       Dungeon |   7868 |   6906 |    962 |   1392 |   3976 |   7 | 1124.0 |
        Bailey |    308 |    308 |      0 |     85 |     91 |   1 |  308.0 |
               +--------+--------+--------+--------+--------+-----+--------+

Top non-repeatable levels by time:
     D:1: 1770 daAuts
     D:5: 1733 daAuts
     D:4: 1583 daAuts
     D:6: 969 daAuts
     D:2: 915 daAuts
     D:3: 726 daAuts
  Bailey: 308 daAuts
     D:7: 170 daAuts
